 Dungeon Crawl Stone Soup version 0.29.0-4-gdea44cf6ec (webtiles) character file.

Game seed: 14454522647209202445

53 qw the Chopper (level 3, -3/21 HPs)
             Began as a Tengu Warper on Aug 28, 2022.
             Slain by a sky beast (5 damage)
             ... on level 4 of the Dungeon.
             The game lasted 00:00:08 (1810 turns).

qw the Chopper (Tengu Warper)                       Turns: 1810, Time: 00:00:08

Health: -3/21      AC:  6    Str: 13    XL:     3   Next: 89%
Magic:  7/7        EV: 10    Int: 13    God:
Gold:   69         SH:  4    Dex: 13    Spells: 6/6 levels left

rFire   . . .      SeeInvis .   Y - +1 hand axe
rCold   . . .      Faith    .   g - +0 buckler
rNeg    . . .      Spirit   .   m - +0 ring mail
rPois   .          Reflect  .   (helmet restricted)
rElec   .          Harm     .   f - +0 cloak
rCorr   .          Rampage  .   (no gloves)
Will    .....                   (boots unavailable)
Stlth   +.........              (no amulet)
HPRegen 0.07/turn               (no ring)
MPRegen 0.10/turn               (no ring)

@: no status effects
A: beak, talons 3
a: no special abilities


You were on level 4 of the Dungeon.
You visited 1 branch of the dungeon, and saw 3 of its levels.

You collected 69 gold pieces.


Innate Abilities, Weirdness & Mutations

You have a beak for a mouth.
You have claws for feet.


   Skills:
 - Level 2.0 Fighting
 + Level 4.2 Axes
 - Level 1.0 Throwing
 - Level 1.1 Armour
 - Level 2.1 Dodging
 - Level 1.0 Shields
 - Level 2.0 Spellcasting
 - Level 2.4 Translocations


You had 6 spell levels left.
You didn't know any spells.
Your spell library contained the following spells:

 Spells                   Type           Power      Damage    Failure   Level
 Blink                    Tloc           14%        N/A       38%         2
 Gell's Gravitas          Tloc           7%         N/A       63%         3
 Lesser Beckoning         Tloc           7%         N/A       63%         3
 Teleport Other           Tloc           7%         N/A       63%         3
 Manifold Assault         Tloc           7%         N/A       100%        5

Inventory:

Hand Weapons
 h - a +0 club
 Y - a +1 hand axe (weapon)
Armour
 f - a +0 cloak (worn)
 g - a +0 buckler (worn)
 m - a +0 ring mail (worn)
Scrolls
 c - 2 scrolls of teleportation {unknown}
 i - a scroll of identify
Potions
 a - a potion of curing {unknown}
 b - a potion of magic {unknown}
 e - a potion of might {unknown}
 j - a potion of haste {unknown}

Dungeon Overview and Level Annotations

Branches:
Dungeon (2/15)

Altars:

Annotations:
D:1 1 transporter


Message History

The adder bites you.
You hit the adder.
You kill the adder!
You start resting.
HP restored.
A giant cockroach comes into view.
Enter note:
Enter note:
Enter note: You hit the giant cockroach.
You kill the giant cockroach!
Found 2 poisoned darts.
You see here a giant cockroach corpse.
Found a stone staircase leading down.
A sourceless malevolence fills the Dungeon...
You fall into a shaft and drop 2 floors!
The shaft crumbles and collapses.
Found a robe.
c - 2 scrolls labelled FEMEAN EFRAI (gained 1) Existing waypoints: (1) D:2 (2) D:1 Assign waypoint to what number? (0-9, D - delete waypoint) Waypoint 2 re-assigned from D:1 to D:4.
You open the door.
A sky beast and a jackal come into view.
The sky beast flickers out of sight!
Deactivating autopickup; reactivate with Ctrl-A.
You hit something. Your peck misses something. Something hits you.
Something shocks you.
You hit something. Something hits you but does no damage.
You closely miss something. Something hits you but does no damage.
You hit something. Something hits you. Something shocks you.
You closely miss something. Your kick misses something.
Something hits you but does no damage.
You barely miss something. Your kick misses something. Something hits you.
Something shocks you.
You die...

# #. ##.# .....
......###########
.....h{@........#
......####[.....#
..... ##.....#
.... #.....# ...
##.##...# ..
#.....## .
####....# ##.# ..


You could see a jackal.

Vanquished Creatures
  2 adders (D:2)
  4 dart slugs
  3 ball pythons (D:1)
  An endoplasm (D:1)
  A giant cockroach (D:2)
  3 goblins (D:1)
  4 hobgoblins (D:1)
  3 kobolds
  A bat (D:2)
  A frilled lizard (D:1)
  3 rats (D:1)
26 creatures vanquished.

Vanquished Creatures (others)
  2 plants (D:1)
2 creatures vanquished.

Grand Total: 28 creatures vanquished

Notes
Turn   | Place    | Note
-------+----------+-------------------------------------------
     0 | D:1      | qw the Tengu Warper began the quest for the Orb.
     0 | D:1      | Reached XP level 1. HP: 12/12 MP: 4/4
     0 | D:1      | 0 ||| qw: Version: 0.1-a-89-g26bdef1
     0 | D:1      | 0 ||| qw: Game counter: 3354
     0 | D:1      | 0 ||| qw: Always use a shield: true
     0 | D:1      | 0 ||| qw: God list: Okawaru
     0 | D:1      | 0 ||| qw: Allow faded altars: false
     0 | D:1      | 0 ||| qw: Do Orc after D:15 true
     0 | D:1      | 0 ||| qw: Do second Lair branch before Depths: true
     0 | D:1      | 0 ||| qw: Lair rune preference: random
     0 | D:1      | 0 ||| qw: Plans: Normal
     0 | D:1      | 0 ||| PLANNING D:1-11
   300 | D:1      | 300 ||| Stepping ~*~*~tactically~*~*~ (hiding).
   402 | D:1      | 402 ||| Stepping ~*~*~tactically~*~*~ (hiding).
   504 | D:1      | 504 ||| Stepping ~*~*~tactically~*~*~ (stealth).
   506 | D:1      | 506 ||| Stepping ~*~*~tactically~*~*~ (hiding).
   512 | D:1      | Reached skill level 3 in Axes
   512 | D:1      | Reached XP level 2. HP: 17/17 MP: 6/6
   754 | D:1      | 754 ||| Stepping ~*~*~tactically~*~*~ (stealth).
   755 | D:1      | 755 ||| Stepping ~*~*~tactically~*~*~ (stealth).
   758 | D:1      | 758 ||| Stepping ~*~*~tactically~*~*~ (stealth).
   761 | D:1      | 761 ||| Stepping ~*~*~tactically~*~*~ (stealth).
   764 | D:1      | 764 ||| Stepping ~*~*~tactically~*~*~ (stealth).
   765 | D:1      | 765 ||| Stepping ~*~*~tactically~*~*~ (stealth).
   768 | D:1      | 768 ||| Stepping ~*~*~tactically~*~*~ (stealth).
   770 | D:1      | 770 ||| Stepping ~*~*~tactically~*~*~ (stealth).
   773 | D:1      | 773 ||| Stepping ~*~*~tactically~*~*~ (stealth).
   774 | D:1      | 774 ||| Stepping ~*~*~tactically~*~*~ (stealth).
   775 | D:1      | 775 ||| Stepping ~*~*~tactically~*~*~ (stealth).
   776 | D:1      | 776 ||| Stepping ~*~*~tactically~*~*~ (stealth).
   779 | D:1      | 779 ||| Stepping ~*~*~tactically~*~*~ (stealth).
   780 | D:1      | 780 ||| Stepping ~*~*~tactically~*~*~ (stealth).
   781 | D:1      | 781 ||| Stepping ~*~*~tactically~*~*~ (stealth).
   784 | D:1      | 784 ||| Stepping ~*~*~tactically~*~*~ (stealth).
   812 | D:1      | Reached XP level 3. HP: 21/21 MP: 7/7
   874 | D:1      | Found a faded altar of an unknown god.
  1095 | D:1      | 1095 ||| Stepping ~*~*~tactically~*~*~ (stealth).
  1097 | D:1      | 1097 ||| Stepping ~*~*~tactically~*~*~ (stealth).
  1099 | D:1      | 1099 ||| Stepping ~*~*~tactically~*~*~ (stealth).
  1100 | D:1      | 1100 ||| Stepping ~*~*~tactically~*~*~ (stealth).
  1167 | D:1      | 1167 ||| UPGRADING to +0 cloak.
  1172 | D:1      | 1172 ||| UPGRADING to +0 buckler.
  1177 | D:1      | 1177 ||| UPGRADING to +0 ring mail.
  1187 | D:1      | 1187 ||| DROPPING +0 leather armour.
  1188 | D:1      | 1188 ||| READING scroll labelled MAUXZEOHIU.
  1189 | D:1      | 1189 ||| READING 2 scrolls labelled ZIBRIEFUJY.
  1190 | D:1      | 1190 ||| READING scroll labelled SET OB UCI.
  1191 | D:1      | 1191 ||| READING scroll labelled ZIACIW ITOOQIECA.
  1192 | D:1      | 1192 ||| DROPPING scroll of blinking.
  1323 | D:2      | Reached skill level 1 in Shields
  1525 | D:2      | 1525 ||| Stepping ~*~*~tactically~*~*~ (hiding).
  1526 | D:2      | 1526 ||| Stepping ~*~*~tactically~*~*~ (hiding).
  1534 | D:2      | Reached skill level 4 in Axes
  1791 | D:2      | You fall into a shaft and drop 2 floors!
  1802 | D:4      | Noticed a sky beast
  1810 | D:4      | HP: 2/21 [something (4)]
  1810 | D:4      | Slain by a sky beast

Levels and vault maps discovered:
D:1:      spicycebolla_arrival_risky_transporter, layout_basic,
          shapermc_ecumenical_altar_flowoftime, kennysheep_decorative_pillar
D:2:      layout_basic
D:4:      layout_basic, mainiacjoe_overflow_boulevard, st_stairs_3,
          minmay_cupped, uniq_pikel, uniq_blork_the_orc

Skill      XL: |  1  2  3 |
---------------+----------+-----
Axes           | 3 4 |  4.2
Shields        | 1 |  1.0
Fighting       | |  2.0
Throwing       | |  1.0
Armour         | |  1.1
Dodging        | |  2.1
Spellcasting   | |  2.0
Translocations | |  2.4

Action                   || total
-------------------------++-------
Melee: Hand axe          ||    59
       Kick              ||    10
       Peck              ||     8
       Punch             ||     1
Throw: Boomerang         ||     7
  Use: Scroll            ||     4
Armor: Leather armour    ||     5
       Ring mail         ||    12
Dodge: Dodged            ||    20
Block: Buckler           ||     3

Table legend:
 A = Non-vault XP
 B = Vault XP
 C = Vault XP percentage of total XP
 D = Non-vault monster count
 E = Vault monster count
 F = Vault count percentage of total count
                 A         B        C        D         E       F
            +---------+---------+-------+---------+---------+-------
      Total |      77 |       0 |   0.0 |      26 |       0 |   0.0
            +---------+---------+-------+---------+---------+-------
        D:1 |      42 |       0 |   0.0 |      20 |       0 |   0.0
        D:2 |      35 |       0 |   0.0 |       6 |       0 |   0.0
            +---------+---------+-------+---------+---------+-------
